 Dungeon Crawl Stone Soup version 0.31-a0-795-g5eb97db20b (webtiles) character file.

Game seed: 6800883367594780679

84 DocEon the Slasher (level 4, -4/38 HPs)
             Began as a Draconian Monk on Sept 18, 2023.
             Slain by Terence
             ... wielding a +0 flail
              (10 damage)
             ... on level 2 of the Dungeon.
             The game lasted 00:01:22 (1367 turns).

DocEon the Slasher (Draconian Monk)                 Turns: 1367, Time: 00:01:23

Health: -4/38      AC:  5    Str: 15    XL:     4   Next: 23%
Magic:  4/4        EV: 12    Int: 11    God:
Gold:   60         SH:  0    Dex: 13    Spells: 3/3 levels left

rFire   . . .        a - +0 falchion
rCold   . . .        c - orb {light}
rNeg    . . .        (body armour unavailable)
rPois   .            (helmet restricted)
rElec   .            (no cloak)
rCorr   .            (no gloves)
SInv    .            (no boots)
Will    .....        (no amulet)
Stlth   +            i - ring of flight
HPRegen 0.26/turn    (no ring)
MPRegen 0.09/turn

%: no passive effects
@: flying, glowing
A: AC +5, unfitting armour, cold-blooded
a: no special abilities


You were on level 2 of the Dungeon.
You visited 1 branch of the dungeon, and saw 2 of its levels.

You collected 60 gold pieces.

Inventory:

Hand Weapons
 a - a +0 falchion (weapon)
Missiles
 m - 5 datura-tipped darts (quivered)
Armour
 c - an orb of light (worn)
Jewellery
 i - a ring of flight (left hand)
Wands
 e - a wand of polymorph (9)
Scrolls
 d - 2 scrolls of teleportation
 h - a scroll of amnesia
Potions
 b - 2 potions of ambrosia
 f - a potion of cancellation
 g - a potion of enlightenment {unknown}
 j - a potion of degeneration {unknown}


   Skills:
 - Level 3.2 Fighting
 * Level 5.1 Long Blades
 - Level 2.6 Dodging


You had 3 spell levels left.
You didn't know any spells.
Your spell library was empty.

Dungeon Overview and Level Annotations

Branches:
Dungeon (2/15)

Altars:

Annotations:
D:2 Terence


Innate Abilities, Weirdness & Mutations

Your plain brown scales are hard. (AC +5)
You cannot fit into any form of body armour.
You are cold-blooded and may be slowed by cold attacks.


Message History

You hit Terence but do no damage.
Your tail-slap misses Terence.
Terence is heavily wounded.
Terence hits you with a +0 flail.
You hit Terence.
Your tail-slap misses Terence.
Terence is heavily wounded.
Terence hits you with a +0 flail!
You barely miss Terence.
Terence is heavily wounded.
Terence closely misses you.
You are too injured to fight recklessly!
You hit Terence but do no damage.
You tail-slap Terence, but do no damage.
Terence is heavily wounded.
Terence hits you with a +0 flail!
You are too injured to fight recklessly!
You barely miss Terence.
Terence is heavily wounded.
Terence hits you with a +0 flail.
* * * LOW HITPOINT WARNING * * *
You hit Terence but do no damage. You tail-slap Terence.
Terence is severely wounded.
Terence hits you with a +0 flail.
* * * LOW HITPOINT WARNING * * *
Okay, then.
You are too injured to fight recklessly!
Throw: 6 darts (datura)
Press: ? - help, Shift-Dir - straight line, f - Terence
Aim: Terence, wielding a +0 flail and wearing a +2 chain mail of poison resistance (severely wounded, haloed, 84% to hit, chance to frenzy on hit: 100%)
You throw a datura-tipped dart. The datura-tipped dart hits Terence.
Terence flies into a frenzy!
Terence is severely wounded.
Terence hits you with a +0 flail.
* * * LOW HITPOINT WARNING * * *
You hit Terence.
Terence is almost dead.
Terence barely misses you. x2
You hit Terence but do no damage.
Terence is almost dead.
Terence closely misses you. Terence hits you with a +0 flail!
You die...

#.#.# #..# #...# #.#.#
#..# #...#
#.#.###..########...#
...#...#.........#...#
....####....########...#
..... ###.$# #...# .....
#..# #...# .... ##..#
#...# #.@.# #...####
#@..# #...#... .....#
#...#### .......# #...#
.........# #...# ###
.........########...####
...
.......#..........†.'...
##########....
..........###... .....
#..#####.# #<##


You could see the neutral Terence (fast, strong, frenzied).

Vanquished Creatures
  Jessica (D:2)
  2 adders (D:2)
  2 worms (D:2)
  An endoplasm (D:2)
  2 giant cockroaches (D:1)
  3 goblins
  5 hobgoblins
  2 quokkas (D:1)
  4 ball pythons
  4 bats
  4 frilled lizards (D:1)
  3 kobolds
  2 rats (D:1)
35 creatures vanquished.

Notes
Turn   | Place    | Note
-------+----------+-------------------------------------------
     0 | D:1      | DocEon the Draconian Monk began the quest for the Orb.
     0 | D:1      | Reached XP level 1. HP: 19/19 MP: 1/1
    91 | D:1      | Reached XP level 2. HP: 26/26 MP: 2/2
   492 | D:1      | Reached skill level 4 in Long Blades
   611 | D:1      | Found a faded altar of an unknown god.
   936 | D:2      | Reached XP level 3. HP: 31/31 MP: 3/3
  1147 | D:2      | Noticed Jessica
  1168 | D:2      | Killed Jessica
  1169 | D:2      | Reached skill level 5 in Long Blades
  1169 | D:2      | Reached XP level 4. HP: 38/38 MP: 4/4
  1352 | D:2      | Noticed Terence
  1367 | D:2      | Slain by Terence

Illustrated notes

Levels and vault maps discovered:
D:1:      dpeg_arrival_round_b, layout_basic,
          shapermc_ecumenical_altar_mp_urbaneastern
D:2:      layout_basic, serial_co_window_serial, co_window_paths_b,
          co_window_paths_a, co_window_paths_a, co_window_cross_1,
          co_window_of_opportunity_a, co_window_paths_c, co_window_cross_2,
          co_window_corner_b, co_window_of_opportunity_c, co_window_paths_c,
          co_window_broadway_c, co_window_4corner_b, glass_columns_b,
          glass_columns_a, glass_columns_c, glass_columns_b, glass_columns_c,
          chequers_decorated_corner, minmay_box_of_dots, uniq_terence,
          uniq_jessica

Skill      XL: |  1  2  3 |
---------------+----------+-----
Long Blades    | 4 5 |  5.1
Fighting       | |  3.2
Dodging        | |  2.6

Action                     |  1- 3 |  4- 6 || total
---------------------------+-------+-------++-------
  Melee: Falchion          |    70 |    22 ||    92
         Tailslap          |    12 |     3 ||    15
         Unarmed           |     8 |       ||     8
  Throw: Dart              |       |     1 ||     1
    Use: Scroll            |     5 |       ||     5
 Armour: Skin              |    34 |    14 ||    48
  Dodge: Dodged            |    35 |    12 ||    47

Table legend: (Time is in decaauts)
 A = Elapsed time spent in this place.
 B = Non-inter-level travel time spent in this place.
 C = Inter-level travel time spent in this place.
 D = Time resting spent in this place.
 E = Time spent auto-exploring this place.
 F = Levels seen in this place.
 G = Mean time per level.
                   A        B        C        D        E       F      G
               +--------+--------+--------+--------+--------+-----+--------+
         Total |   1374 |   1306 |     68 |     65 |   1001 |   2 |  687.0 |
       Dungeon |   1374 |   1306 |     68 |     65 |   1001 |   2 |  687.0 |
               +--------+--------+--------+--------+--------+-----+--------+

Top non-repeatable levels by time:
     D:1: 918 daAuts
     D:2: 456 daAuts
